[Event "Early-Titled-Tuesday-Blitz-October-17-2023"]
[Site "Chess.com"]
[Date "2023.10.17"]
[Round "2"]
[White "DarZay"]
[Black "MMAHDI2013"]
[Result "0-1"]
[WhiteElo "2222"]
[BlackElo "2482"]
[TimeControl "180+1"]
[EndTime "8:18:48 PDT"]
[Termination "MMAHDI2013 won by resignation"]

1. e4 c6 2. d4 d5 3. Nc3 dxe4 4. Nxe4 Nf6 5. Nxf6+ exf6 6. c3 Bd6 7. Bd3 O-O 8.
Qc2 Re8+ 9. Be3 h5 10. O-O-O Nd7 11. Kb1 Nf8 12. Ne2 Be6 13. Ng3 g6 14. Rde1 b5 15. f4 f5 16. Nxf5 gxf5 17. Bxf5 Qf6 18. Bxe6 Nxe6 19. f5 Ng7 20. Rhf1 Re7 21. h3 Rae8 22. Rf3 h4 23. Qd3 Bg3 24. Ref1 Re4 25. Qd2 Nh5 26. Bg5 Qd6 27. f6 Qd5 28. Rf5 Re1+ 29. Kc2 Qe4+ 30.
Kb3 Qe6+ 31. Ka3 Rxf1 32. Rxf1 Qe2 33. Rf5 Qxd2 34. Bxd2 Re2 35. Bh6 Bd6+ 36. Kb3 Ng3 37. Rg5+ Kh7 38. Bg7 Ne4 39. Rh5+ Kg6 40. Rxh4 Nd2+ 41.
Kc2 Nf3+ 42. Kd1 Rd2+ 43. Kc1 Rxg2 44. Rh6+ Kf5 45. h4 Bf4+ 46. Kb1 Bxh6 0-1

[Event "Early-Titled-Tuesday-Blitz-October-17-2023"]
[Site "Chess.com"]
[Date "2023.10.17"]
[Round "2"]
[White "Let_it_be_1"]
[Black "OLDTERMINATOR"]
[Result "1-0"]
[WhiteElo "2631"]
[BlackElo "1638"]
[TimeControl "180+1"]
[EndTime "8:18:49 PDT"]
[Termination "Let_it_be_1 won on time"]

1. e4 e6 2. d4 d5 3. Nd2 Nf6 4. e5 Nfd7 5. Bd3 c5 6. c3 Nc6 7. Ne2 Qb6 8. Nf3 cxd4 9. cxd4 Be7 10. O-O f6 11. exf6 Nxf6 12. a3 a5 13. Nc3 Bd7 14. Bf4 O-O 15. Nb5 Rac8 16. Qe2 Ne4 17. Bg3 Nxg3 18.
hxg3 Bf6 19. Rad1 Kh8 20. g4 h6 21. g5 Bxd4 22. gxh6 Bf6 23. hxg7+ Kxg7 24. Bb1 Rh8 25. Qd3 Rh6 26. g3 Be8 27. Nd6 1-0

[Event "Early-Titled-Tuesday-Blitz-October-17-2023"]
[Site "Chess.com"]
[Date "2023.10.17"]
[Round "2"]
[White "Nf3c5"]
[Black "eljanov"]
[Result "0-1"]
[WhiteElo "2599"]
[BlackElo "2875"]
[TimeControl "180+1"]
[EndTime "8:18:52 PDT"]
[Termination "eljanov won by resignation"]

1. d4 d5 2. Nf3 Nf6 3. e3 c5 4. dxc5 e6 5. c4 Bxc5 6. Nc3 O-O 7. cxd5 exd5 8. Be2 Nc6 9. O-O a6 10. b3 Qd6 11.
Bb2 Ba7 12. Rc1 Bf5 13. Qd2 Rad8 14. Rfd1 Rfe8 15. Nh4 Be4 16. Qe1 Qe6 17. Nf3 Qf5 18. Na4 Qg6 19. g3 Bxf3 20. Bxf3 d4 21. Kg2 dxe3 22.
Rxd8 Rxd8 23. fxe3 Ng4 24. Nc5 Re8 25. Bxg4 Qxg4 26. Qf2 Bxc5 27. Rxc5 f6 28. Qf3 Qe6 29. Qd5 Qxd5+ 30. Rxd5 Rxe3 31. Kf2 Re7 32. Ba3 Rc7 33.
Bc5 Ne5 34. Bb6 Rc2+ 35. Ke3 Rxa2 36. h3 Rb2 37. Ke4 Rxb3 38. Rd8+ Kf7 39. Bd4 Rb4 40. Kd5 Rxd4+ 0-1

[Event "Early-Titled-Tuesday-Blitz-October-17-2023"]
[Site "Chess.com"]
[Date "2023.10.17"]
[Round "2"]
[White "IamSchrodingersCat"]
[Black "ckgchess"]
[Result "1-0"]
[WhiteElo "2535"]
[BlackElo "2888"]
[TimeControl "180+1"]
[EndTime "8:18:52 PDT"]
[Termination "IamSchrodingersCat won on time"]

1. e4 e5 2. Nf3 Nf6 3. Nxe5 d5 4. d4 Nxe4 5. Bd3 Nd7 6. Nxd7 Bxd7 7. O-O Bd6 8. c4 O-O 9. Nc3 Nxc3 10. bxc3 dxc4 11.
Bxc4 Qh4 12. g3 Qf6 13. Bd5 c6 14. Bg2 Rad8 15. h4 h6 16. Re1 Rfe8 17. Be3 Be6 18. Qd3 Bf5 19. Qd2 Bg6 20. c4 Re7 21. d5 cxd5 22.
cxd5 Rde8 23. Bxa7 Be5 24. Rac1 b6 25. d6 Bxd6 26.
Bxb6 Bxg3 27. fxg3 Qxb6+ 28. Kh2 1-0

[Event "Early-Titled-Tuesday-Blitz-October-17-2023"]
[Site "Chess.com"]
[Date "2023.10.17"]
[Round "2"]
[White "HanSchut"]
[Black "subham777"]
[Result "0-1"]
[WhiteElo "2317"]
[BlackElo "2529"]
[TimeControl "180+1"]
[EndTime "8:18:52 PDT"]
[Termination "subham777 won by checkmate"]

1. e4 e6 2. d4 d5 3. e5 c5 4. c3 Nc6 5. Nf3 Qb6 6. Bd3 Bd7 7. O-O cxd4 8. Re1 Nge7 9. h4 g6 10.
h5 Rc8 11. Nbd2 dxc3 12. bxc3 Nf5 13. Rb1 Qc7 14. c4 dxc4 15. Nxc4 Bc5 16. Bg5 Ncd4 17. Bf6 Rg8 18. Rc1 gxh5 19. Nxd4 Nxd4 20. Nd6+ Bxd6 21. Rxc7 Bxc7 22. Bxh7 Rg4 23. Be4 Bb6 24. Bxb7 Rc4 25. Bf3 Ba4 26. Bxg4 Bxd1 27. Bxd1 Kf8 28. Bxh5 Rc2 29.
a4 Ra2 30. Bd1 Nf5 31. Bf3 Bxf2+ 32. Kf1 Ng3# 0-1

[Event "Early-Titled-Tuesday-Blitz-October-17-2023"]
[Site "Chess.com"]
[Date "2023.10.17"]
[Round "2"]
[White "Treasurechess777"]
[Black "mary-sanna"]
[Result "1-0"]
[WhiteElo "2451"]
[BlackElo "2168"]
[TimeControl "180+1"]
[EndTime "8:18:53 PDT"]
[Termination "Treasurechess777 won on time"]

1. Nf3 d5 2. e3 Bg4 3. d4 Nf6 4. Bd3 e6 5. b3 c5 6. Bb2 Nc6 7. a3 Be7 8. Nbd2 O-O 9. c4 cxd4 10. exd4 dxc4 11. bxc4 Nxd4 12. Bxd4 e5 13. Qc2 exd4 14. O-O Rc8 15. a4 h6 16. Rab1 Qd7 17. Ne5 Qc7 18.
Nxg4 Nxg4 19. Nf3 Rfe8 20. Bh7+ Kh8 21. Bf5 Qf4 22. Bxc8 Rxc8 23. Rxb7 Bd6 24. Qc1 Qe4 25. Rxf7 Kg8 26. Rxa7 Rc5 27. Re1 Qg6 28. Qb1 d3 29. h3 Nf6 30. Re3 Ne4 31. Qxd3 1-0

[Event "Early-Titled-Tuesday-Blitz-October-17-2023"]
[Site "Chess.com"]
[Date "2023.10.17"]
[Round "2"]
[White "brm72"]
[Black "stollenmonster"]
[Result "0-1"]
[WhiteElo "2501"]
[BlackElo "2807"]
[TimeControl "180+1"]
[EndTime "8:18:54 PDT"]
[Termination "stollenmonster won by resignation"]

1. e4 c5 2. Nf3 Nf6 3. e5 Nd5 4. Nc3 e6 5. Nxd5 exd5 6. d4 Nc6 7. c3 d6 8. Bf4 Be7 9. Bd3 O-O 10. h3 cxd4 11.
cxd4 dxe5 12. Nxe5 Nxe5 13. dxe5 Bb4+ 14. Bd2 Qe7 15.
Bxb4 Qxb4+ 16. Qd2 Qe7 17. Qe3 f6 18. exf6 Qb4+ 19.
Qd2 Re8+ 20. Kd1 Qf8 21. fxg7 Qxg7 22. Re1 Bd7 23. g4 Ba4+ 24. Bc2 Qxb2 25. Rc1 Bxc2+ 26.
Rxc2 Rxe1+ 27. Kxe1 Qe5+ 28. Qe3 Qf6 29. Kf1 Rf8 30. Kg2 d4 31. Qe4 b5 32. Rd2 Rd8 33.
Rd3 b4 34. Rf3 Qd6 35. Qd3 a5 36. Rf5 Qc6+ 37. Kh2 a4 38. Rg5+ Kh8 39. Rh5 Qd6+ 40.
Kg2 Qc6+ 41. Kg3 Qc3 42. Rxh7+ Kg8 43. Qxc3 bxc3 44. Rc7 d3 45. Rxc3 d2 0-1

[Event "Early-Titled-Tuesday-Blitz-October-17-2023"]
[Site "Chess.com"]
[Date "2023.10.17"]
[Round "2"]
[White "zimmm36"]
[Black "abc_xyz4744"]
[Result "1-0"]
[WhiteElo "2713"]
[BlackElo "2381"]
[TimeControl "180+1"]
[EndTime "8:18:54 PDT"]
[Termination "zimmm36 won by resignation"]

1. e4 c5 2. Nf3 g6 3. d4 cxd4 4. Qxd4 Nf6 5. Nc3 Nc6 6. Qe3 d6 7. h3 Bg7 8. Be2 O-O 9. O-O a6 10. Nd5 Nxd5 11. exd5 Ne5 12. Nd4 b5 13. f4 Nc4 14. Bxc4 bxc4 15. Nc6 Qc7 16. Qxe7 Qb6+ 17. Kh2 Bf5 18. Qxd6 Kh8 19. c3 Rfd8 20. Qb4 Qxb4 21. Nxb4 a5 22. Nc6 Rxd5 23. Be3 Re8 24. Ne5 f6 25.
Nxc4 Bd3 26. Nb6 Rb5 27. Rfe1 Rxb2 28. Bd4 Be4 29. Rg1 f5 30. Nc4 Rc2 31. Ne5 Kg8 32. a4 Bh6 33. Kg3 Rc8 34. Ra3 Bf8 35. Rb3 Bd5 36. Rb5 Be4 37. Nd7 Bh6 38. Nf6+ Kf7 39.
Nxe4 fxe4 40. Re5 Bg7 41. Rxe4 Bxd4 42. Rxd4 R8xc3+ 43. Kh4 Rc4 44. Rxc4 Rxc4 45. g3 Rxa4 46. Rc1 Kf6 47. Rc6+ Kf5 48. Rc5+ Kf6 49. Kg4 h5+ 50. Kh4 Ra3 51. g4 hxg4 52. hxg4 Ra4 53. Rc6+ Kg7 54.
Kg5 Kf7 55. Rf6+ Ke7 56. Rxg6 Rb4 57. Ra6 Rb5+ 58. f5 Rb4 59. Rxa5 Kf7 60. Ra7+ Kg8 61. f6 Rb5+ 62. Kg6 Rb8 63. Rg7+ Kf8 64. Rh7 Kg8 65.
f7+ Kf8 66. Rh8+ Ke7 67. Rxb8 Ke6 68. f8=Q Ke5 69. Rd8 1-0

[Event "Early-Titled-Tuesday-Blitz-October-17-2023"]
[Site "Chess.com"]
[Date "2023.10.17"]
[Round "2"]
[White "Nuvas"]
[Black "SCIM"]
[Result "1-0"]
[WhiteElo "2815"]
[BlackElo "2566"]
[TimeControl "180+1"]
[EndTime "8:18:55 PDT"]
[Termination "Nuvas won by resignation"]

1. d4 Nf6 2. c4 g6 3. Nc3 d5 4. Nf3 Bg7 5. Bg5 Ne4 6. Bf4 Nxc3 7. bxc3 O-O 8. e3 c5 9. cxd5 Qxd5 10. Be2 cxd4 11. cxd4 Qa5+ 12. Qd2 Nc6 13. Qxa5 Nxa5 14. O-O Bf5 15. Rfc1 Rfc8 16. Ne5 f6 17. Nd3 b6 18.
Nb4 Be4 19. Ba6 Bb7 20. Bxb7 Nxb7 21. Nd5 Kf7 22. Nc7 Rab8 23. Nb5 e5 24. Bg3 a6 25. Na7 Rxc1+ 26. Rxc1 Re8 27. Nc8 exd4 28. exd4 b5 29. Rc7+ Kf8 30. h4 Nd8 31. Bd6+ Kg8 32. Ne7+ Kh8 33.
h5 gxh5 34. Nf5 Ne6 35. Ra7 Bf8 36. d5 Ng5 37. Bxf8 Rxf8 38. Rxa6 Rd8 39. Rxf6 Ne4 40. Rb6 Nc3 41. d6 Kg8 42. a3 Kf7 43. Nd4 Kf6 44. Nxb5 Nxb5 45. Rxb5 Rxd6 46. Rxh5 Kg6 47. Rh4 Rd1+ 48.
Kh2 Ra1 49. a4 Ra2 50. Rf4 Ra3 51. g3 Ra2 52. Kg2 Ra3 53. Kf1 Ra2 54. Ke1 Ra1+ 55.
Kd2 Ra2+ 56. Kc3 h5 57. Kb4 Ra1 58. a5 Kg5 59. Kb5 Rb1+ 60. Kc6 Rc1+ 61. Kb6 Rb1+ 62. Kc5 Rc1+ 63. Rc4 Ra1 64. Kb5 Ra2 65. a6 Rxf2 66. a7 Rf8 67. Kb6 1-0

[Event "Early-Titled-Tuesday-Blitz-October-17-2023"]
[Site "Chess.com"]
[Date "2023.10.17"]
[Round "2"]
[White "MdSharifHossain"]
[Black "Kildepiotr"]
[Result "0-1"]
[WhiteElo "2198"]
[BlackElo "2637"]
[TimeControl "180+1"]
[EndTime "8:18:55 PDT"]
[Termination "Kildepiotr won by resignation"]

1. e4 g6 2. d4 Bg7 3. Nc3 c6 4.
h4 h5 5. g3 d5 6. f3 dxe4 7. fxe4 Qxd4 8. Qxd4 Bxd4 9. Nge2 Bg7 10.
Nf4 Nd7 11. Bc4 Ne5 12. Bb3 Nf3+ 13. Kf2 Nd4 14. Na4 Nf6 15. Re1 Ng4+ 16. Kg2 Ne5 17. c3 Nxb3 18. axb3 Bg4 19. Nb6 Rb8 20. Rxa7 O-O 21.
Be3 Bf3+ 22. Kf2 Rfd8 23. Bd4 Bg4 24. Re3 c5 25. Bxe5 Rd2+ 26. Ne2 Bxe5 27. Nc4 Rxe2+ 28. Rxe2 Bxg3+ 29. Kxg3 Bxe2 30. Ne5 Bb5 31. c4 Be8 32. Kf4 Kf8 33. Nd3 b6 34. Ke3 Rd8 35. Nf4 Bc6 36. Rc7 Ba8 37. Nd5 Bxd5 38. exd5 Rd6 39. Rc8+ Kg7 40.
Rc6 Kf6 41. Ke4 Rxc6 42. dxc6 Ke6 43. b4 cxb4 44. Kd3 Kd6 45. Kc2 Kxc6 46. Kb3 Kc5 0-1

[Event "Early-Titled-Tuesday-Blitz-October-17-2023"]
[Site "Chess.com"]
[Date "2023.10.17"]
[Round "2"]
[White "DKmirl"]
[Black "Smiechu"]
[Result "1/2-1/2"]
[WhiteElo "2282"]
[BlackElo "2500"]
[TimeControl "180+1"]
[EndTime "8:18:57 PDT"]
[Termination "Game drawn - insufficient material"]

1. d4 Nf6 2. Nf3 c5 3. g3 cxd4 4. Nxd4 Nc6 5. Bg2 g6 6. O-O Bg7 7. c4 O-O 8. Nc3 d6 9. Nxc6 bxc6 10. Bxc6 Rb8 11. Bg2 Qa5 12. Qa4 Qxa4 13. Nxa4 Be6 14. b3 Nd7 15. Bb2 Ne5 16. f4 Ng4 17. Bxg7 Kxg7 18.
Rfc1 Ne3 19. Kf2 Nxg2 20. Kxg2 Rfc8 21. e4 f5 22. exf5 Bxf5 23. Re1 Kf6 24. Nc3 e6 25. Ne4+ Bxe4+ 26. Rxe4 d5 27. cxd5 Rc2+ 28. Kf3 exd5 29.
Re2 Rbc8 30. Rae1 R8c3+ 31. Kf2 d4 32. Rd1 Rxe2+ 33. Kxe2 Re3+ 34. Kf2 Rc3 35. Rxd4 Rc2+ 36. Kg1 Rxa2 37. Ra4 Rb2 38. Rxa7 h5 39. Rb7 Kf5 40.
h3 Ke4 41. Rc7 Rxb3 42. Kg2 Rb2+ 43. Kg1 h4 44. gxh4 Kf3 45. Rc3+ Kxf4 46. Rc6 Kg3 47. Rxg6+ Kxh4 48. Rh6+ Kg3 49. Rg6+ Kxh3 50. Rg7 Rb3 51. Rg8 Rg3+ 52. Rxg3+ Kxg3 1/2-1/2

[Event "Early-Titled-Tuesday-Blitz-October-17-2023"]
[Site "Chess.com"]
[Date "2023.10.17"]
[Round "2"]
[White "Hrant_ChessMood"]
[Black "bescmelasti"]
[Result "1-0"]
[WhiteElo "2948"]
[BlackElo "2615"]
[TimeControl "180+1"]
[EndTime "8:18:58 PDT"]
[Termination "Hrant_ChessMood won on time"]

1. c4 e5 2. e3 Nf6 3. Nc3 Nc6 4. Qb3 g6 5. Nf3 Bg7 6. Be2 O-O 7. d4 exd4 8. exd4 Re8 9. O-O d6 10. h3 Ne4 11. Be3 Nxc3 12. bxc3 Na5 13. Qa3 b6 14. c5 Be6 15. cxd6 Qxd6 16. Qa4 Bd7 17. Qc2 Bf5 18. Bd3 Bxd3 19. Qxd3 c5 20. Rfd1 Rad8 21. Qb5 cxd4 22.
cxd4 Qd5 23. a4 Nc6 24. Rac1 Re6 25. Qxd5 Rxd5 26. Ng5 Red6 27. Ne4 Re6 28. Nc3 Rxd4 29. Bxd4 Nxd4 30. Kf1 h5 31. Nd5 Rd6 32. Ne3 Bf6 33. Rc7 a6 34. Nc4 Re6 35. Ne3 Kg7 36. Nd5 Be5 37.
Rb7 b5 38. f4 Rd6 39. fxe5 Rxd5 40. e6 Rf5+ 41. Kg1 Nxe6 42. a5 b4 43. Rd6 Kf6 44.
Rxa6 1-0

[Event "Early-Titled-Tuesday-Blitz-October-17-2023"]
[Site "Chess.com"]
[Date "2023.10.17"]
[Round "2"]
[White "Fh2411"]
[Black "ActorXu"]
[Result "0-1"]
[WhiteElo "2551"]
[BlackElo "2779"]
[TimeControl "180+1"]
[EndTime "8:19:00 PDT"]
[Termination "ActorXu won on time"]

1. d4 Nf6 2. c4 e6 3. Nf3 d5 4. Nc3 Bb4 5. Bg5 h6 6. Bxf6 Qxf6 7. Rc1 O-O 8. e3 dxc4 9. Bxc4 c5 10. O-O cxd4 11.
Qxd4 Qxd4 12. Nxd4 Bd7 13. a3 Be7 14. Rfd1 Rd8 15.
Ndb5 Nc6 16. Nd6 Rab8 17. h3 Na5 18. Be2 Nb3 19. Rb1 Bc6 20. Nc4 b6 21. Ne5 Be8 22. Bb5 Bf6 23. f4 Bxb5 24. Nxb5 a6 25. Nc3 Bxe5 26.
fxe5 Nd2 27. Rbc1 Nc4 28. Na4 Nxe3 29. Rxd8+ Rxd8 30. Nxb6 Rd2 31. Nc4 Nxc4 32. Rxc4 Rxb2 33. Rc6 Rb5 34. Rxa6 Rxe5 35. Kf2 g5 36. Kf3 Kg7 37. a4 h5 38. g3 Rc5 39. h4 Rc3+ 40. Kf2 gxh4 41.
gxh4 Rh3 0-1

[Event "Early-Titled-Tuesday-Blitz-October-17-2023"]
[Site "Chess.com"]
[Date "2023.10.17"]
[Round "2"]
[White "The_Sherman_Variation"]
[Black "Budisavljevic"]
[Result "1-0"]
[WhiteElo "2559"]
[BlackElo "2713"]
[TimeControl "180+1"]
[EndTime "8:19:00 PDT"]
[Termination "The_Sherman_Variation won on time"]

1. e4 c5 2. c3 d5 3. exd5 Qxd5 4. d4 Nf6 5. Nf3 e6 6. Be3 Be7 7. Na3 cxd4 8. Nb5 Qd8 9. Nbxd4 Nd5 10. Bb5+ Bd7 11.
Bxd7+ Nxd7 12. O-O Nxe3 13. fxe3 O-O 14. Qe1 g6 15.
Rd1 a6 16. Kh1 Qc7 17. e4 e5 18. Nc2 Nb6 19. Ne3 Bc5 20. Ng4 f6 21. Qh4 Qg7 22. Nd2 Be7 23. Qg3 Rad8 24. Nb3 Nc4 25. Qf2 f5 26.
Rxd8 Bxd8 27. Ne3 Bb6 28. Nd4 Nxe3 29. Ne6 Nxf1 30. Qxb6 Qh6 31. h3 Ng3+ 32. Kh2 Nxe4 33. Nxf8 Qxf8 34. Qe6+ Qf7 35. Qxe5 h5 36. b3 Qf6 37.
Qb8+ Qf8 38. Qxb7 Qd6+ 39. Kh1 h4 40. Kg1 Ng3 41. Qf3 Qc5+ 42. Kh2 Qxc3 43. Qxc3 1-0

[Event "Early-Titled-Tuesday-Blitz-October-17-2023"]
[Site "Chess.com"]
[Date "2023.10.17"]
[Round "2"]
[White "verrbaa"]
[Black "lefonghua"]
[Result "0-1"]
[WhiteElo "2456"]
[BlackElo "2671"]
[TimeControl "180+1"]
[EndTime "8:19:01 PDT"]
[Termination "lefonghua won on time"]

1. Nf3 Nf6 2. g3 g6 3. Bg2 Bg7 4. O-O O-O 5. c4 c5 6. Nc3 Nc6 7. d4 d6 8. d5 Na5 9. Nd2 a6 10. Qc2 e6 11. dxe6 Bxe6 12. b3 Rb8 13. Bb2 b5 14.
cxb5 axb5 15. e4 Nc6 16. Nd5 Bxd5 17. exd5 Nb4 18. Qd1 Nbxd5 19. Ne4 Rb6 20. Re1 b4 21. Qd3 Nxe4 22. Bxg7 Kxg7 23. Bxe4 Nc3 24. a3 Qf6 25. axb4 Rxb4 26. Ra6 Rd8 27. Bd5 Rd4 28. Qxc3 Rxd5 29.
Qxf6+ Kxf6 30. Ra7 Kg7 31. Ree7 Rf5 32. Red7 Rxd7 33.
Rxd7 Rd5 34. Kg2 Rd3 35. h4 h5 36. Kf1 Kf6 37. Ke2 Rd4 38. Ke3 Ke6 39. Rb7 Rd1 40. Ke2 Rb1 41. Rb5 Rb2+ 42. Kd3 Rxf2 43. Ke3 Rg2 44. Kf3 Rb2 45. Ke3 Ke5 46. Kf3 f5 47.
Rb6 Kd5 48. Rb7 Ke6 0-1

[Event "Early-Titled-Tuesday-Blitz-October-17-2023"]
[Site "Chess.com"]
[Date "2023.10.17"]
[Round "2"]
[White "LeoWin2012"]
[Black "angryspacevoid"]
[Result "1-0"]
[WhiteElo "2317"]
[BlackElo "2504"]
[TimeControl "180+1"]
[EndTime "8:19:02 PDT"]
[Termination "LeoWin2012 won by checkmate"]

1. e4 Nf6 2. e5 Nd5 3. Nc3 Nxc3 4. dxc3 d6 5. exd6 exd6 6. Nf3 Be7 7. Bd3 Nc6 8. Be3 Bg4 9. Qd2 Ne5 10. Nxe5 dxe5 11. f3 Be6 12. Be4 c6 13. a3 Qc7 14. O-O-O b5 15. Qe2 a5 16. Qf2 b4 17. Bc5 bxa3 18.
Bxe7 axb2+ 19. Kb1 Qxe7 20. Bxc6+ Kf8 21. Qb6 Qa3 22.
Qxb2 Qxb2+ 23. Kxb2 Rb8+ 24. Ka3 Ke7 25. Bd5 Rhc8 26. c4 f6 27. Rb1 Rxb1 28. Rxb1 Bxd5 29. cxd5 Rxc2 30. Rb7+ Kf8 31. d6 Rxg2 32. Rb8+ Kf7 33. d7 Rd2 34. d8=Q Rxd8 35. Rxd8 Ke6 36. Ka4 Kf5 37.
Kxa5 Kf4 38. Rd7 Kxf3 39. Rxg7 e4 40. Rxh7 e3 41. Re7 e2 42. h4 Kg4 43. Rxe2 Kxh4 44. Kb4 f5 45. Kc3 f4 46. Kd2 Kg3 47. Ke1 f3 48. Rf2 Kf4 49. Kd2 Ke4 50. Rf1 Kf4 51. Kd3 Kg3 52. Ke3 Kg2 53. Rxf3 Kh1 54. Kf2 Kh2 55. Rg3 Kh1 56. Rh3# 1-0

[Event "Early-Titled-Tuesday-Blitz-October-17-2023"]
[Site "Chess.com"]
[Date "2023.10.17"]
[Round "2"]
[White "PapiPapita"]
[Black "BeautiFullMindChess"]
[Result "1-0"]
[WhiteElo "2640"]
[BlackElo "2267"]
[TimeControl "180+1"]
[EndTime "8:19:03 PDT"]
[Termination "PapiPapita won on time"]

1. d4 Nf6 2. Bf4 e6 3. Nc3 d5 4.
e3 a6 5. Qf3 c5 6. g4 cxd4 7.
exd4 Nc6 8. Nge2 Bb4 9. O-O-O Qa5 10. g5 Nd7 11. h4 b5 12. Kb1 Nb6 13. h5 Nc4 14.
Bc1 O-O 15. Bg2 Bd7 16. Qd3 Bd6 17. g6 h6 18. gxf7+ Rxf7 19. Nxd5 exd5 20. Bxd5 Rf8 21. a3 b4 22. Qxc4 bxa3 23. Bxc6 Rc8 24. d5 axb2 25.
Bxb2 Rff8 26. Nc1 Bf5 27. Nb3 Qb6 28. Rd2 Rb8 29. Rg1 a5 30. Rxg7+ Kh8 31. Rg6+ Kh7 32. Rg7+ Kh8 33. Rb7+ 1-0

[Event "Early-Titled-Tuesday-Blitz-October-17-2023"]
[Site "Chess.com"]
[Date "2023.10.17"]
[Round "2"]
[White "Szczor"]
[Black "szefru"]
[Result "1-0"]
[WhiteElo "2530"]
[BlackElo "2320"]
[TimeControl "180+1"]
[EndTime "8:19:04 PDT"]
[Termination "Szczor won on time"]

1. d4 Nf6 2. c4 g6 3. Nc3 Bg7 4.
e4 d6 5. f3 O-O 6. Be3 c5 7.
Nge2 cxd4 8. Nxd4 Nc6 9. Qd2 Nxd4 10. Bxd4 Be6 11. Be2 Rc8 12. b3 Nd7 13. Be3 b5 14. O-O bxc4 15. b4 Nb6 16. a4 d5 17.
a5 d4 18. axb6 dxe3 19. Qxd8 Rfxd8 20. bxa7 Bxc3 21. b5 Bxa1 22. Rxa1 c3 23. b6 c2 24. Rc1 Bb3 25. b7 Ra8 26. bxa8=Q Rxa8 27. Bd3 Rxa7 28. Kf1 Rd7 29. Ke2 Rc7 30. Kxe3 e5 31. Kd2 Kg7 32. Bxc2 Bxc2 33. Rxc2 Rd7+ 34. Ke3 Kf6 35. h4 g5 36. Rc6+ Kg7 37. hxg5 Ra7 38. Kf2 Ra2+ 39. Kg3 Rd2 40. Kh3 1-0

[Event "Early-Titled-Tuesday-Blitz-October-17-2023"]
[Site "Chess.com"]
[Date "2023.10.17"]
[Round "2"]
[White "Hambardzumyan_Yuri"]
[Black "arminmusovic"]
[Result "0-1"]
[WhiteElo "2170"]
[BlackElo "2487"]
[TimeControl "180+1"]
[EndTime "8:19:05 PDT"]
[Termination "arminmusovic won on time"]

1. e4 c6 2. d4 d5 3. exd5 cxd5 4.
Bd3 Nc6 5. c3 Nf6 6. Bf4 g6 7.
Nf3 Bg7 8. O-O O-O 9. Re1 Re8 10.
Ne5 Nd7 11. Nd2 Nf8 12. Ndf3 f6 13. Nxc6 bxc6 14. Qa4 Qb6 15. b4 Bd7 16. Qb3 Be6 17.
a4 Bf7 18. a5 Qb7 19. Bg3 Nd7 20. Qc2 e5 21. dxe5 Nxe5 22. Be2 Re7 23. Nd4 Rae8 24. Nb3 Nc4 25. Nc5 Qc8 26. f3 Bh6 27. Bxc4 dxc4 28.
Ne4 Qf5 29. Bf2 Bd5 30. Bc5 Bxe4 31. fxe4 Rxe4 32. Rf1 Qe6 33. Qf2 f5 34. Bxa7 Rd8 35. Rad1 Rxd1 36. Rxd1 Re2 37. Qg3 Be3+ 38. Bxe3 Rxe3 39.
Qb8+ Kg7 40. h3 Rxc3 41. a6 Ra3 42. Qb7+ Kh6 43. Rd7 Qe1+ 44. Kh2 Qg3+ 45. Kg1 Ra1+ 0-1

[Event "Early-Titled-Tuesday-Blitz-October-17-2023"]
[Site "Chess.com"]
[Date "2023.10.17"]
[Round "2"]
[White "karinachess1"]
[Black "adotand"]
[Result "1/2-1/2"]
[WhiteElo "2597"]
[BlackElo "2859"]
[TimeControl "180+1"]
[EndTime "8:19:06 PDT"]
[Termination "Game drawn by repetition"]

1. d4 Nf6 2. c4 g6 3. Nc3 Bg7 4.
g3 c5 5. Nf3 cxd4 6. Nxd4 Nc6 7. Nc2 h5 8. h4 d6 9. Bg2 Ng4 10. O-O Bd7 11. Nd5 O-O 12. Rb1 Qa5 13. a3 Nf6 14.
Bg5 Qc5 15. b4 Qxc4 16. Nce3 Qa2 17. Ra1 Qb2 18. Nc4 Qd4 19. Nxe7+ Kh7 20. Qxd4 Nxd4 21. Nxd6 Nxe2+ 22. Kh1 Ng4 23. Rae1 Nc3 24. Nxb7 Bb5 25.
Nd6 Bxf1 26. Bxa8 Nxf2+ 27. Kg1 Nh3+ 28. Kxf1 Nxg5 29. hxg5 Rxa8 30. Nc6 Nd5 31. Kf2 Kg8 32. Kf3 Bf8 33. Ne4 a6 34. Rd1 Ne7 35. Nf6+ Kg7 36.
Ne5 Ra7 37. Rd8 Nf5 38. Ne8+ Kg8 39. Nf6+ Kg7 40. Ne8+ Kh8 41. Nf6 Kg7 1/2-1/2

[Event "Early-Titled-Tuesday-Blitz-October-17-2023"]
[Site "Chess.com"]
[Date "2023.10.17"]
[Round "2"]
[White "Maitreia"]
[Black "CristianS27"]
[Result "1-0"]
[WhiteElo "2691"]
[BlackElo "2509"]
[TimeControl "180+1"]
[EndTime "8:19:06 PDT"]
[Termination "Maitreia won on time"]

1. c4 Nf6 2. Nc3 g6 3. g3 Bg7 4.
Bg2 O-O 5. Nf3 d6 6. O-O Nc6 7. d3 e5 8. Rb1 a5 9. a3 h6 10. b4 axb4 11. axb4 Be6 12. b5 Ne7 13. Bb2 Qd7 14.
d4 exd4 15. Nxd4 Bxc4 16. Bxb7 Rab8 17. Bf3 Nf5 18. Nc6 Rbe8 19. Qa4 d5 20. Rfd1 Ra8 21.
Qb4 Qd6 22. Qxd6 Nxd6 23. Ne7+ Kh7 24. Nexd5 Nxd5 25. Nxd5 Nxb5 26. Bxg7 Kxg7 27. Rb4 Bxd5 28. Bxd5 Nc3 29. Bxa8 Nxd1 30. Bf3 Nc3 31. Rb7 Re8 32. e3 Re7 33. Kg2 Na4 34. h4 Nc5 35. Rb5 Ne6 36.
h5 c5 37. hxg6 fxg6 38. Rb6 Ng5 39. Bd5 Rc7 40. f4 Nf7 41. Be4 g5 42. f5 Ne5 43.
f6+ Kf8 44. Bd5 Rc8 45. Rb7 c4 46. Rh7 Ng6 47. Rf7+ Ke8 48. Rg7 c3 49. f7+ Ke7 50.
f8=Q+ Kxf8 51. Rg8+ Ke7 52. Rxc8 c2 53. Rxc2 1-0

[Event "Early-Titled-Tuesday-Blitz-October-17-2023"]
[Site "Chess.com"]
[Date "2023.10.17"]
[Round "2"]
[White "maracayo"]
[Black "Lennis93"]
[Result "0-1"]
[WhiteElo "2367"]
[BlackElo "2701"]
[TimeControl "180+1"]
[EndTime "8:19:06 PDT"]
[Termination "Lennis93 won by resignation"]

1. e4 c5 2. Nf3 Nc6 3. d3 g6 4. Nbd2 Bg7 5. Be2 e6 6. O-O d5 7.
c3 Nge7 8. Re1 O-O 9. Bf1 e5 10. exd5 Nxd5 11. h3 Re8 12. Nc4 b6 13. a4 h6 14. Bd2 Qc7 15. Qb3 Be6 16. a5 Reb8 17. axb6 Nxb6 18. Qc2 Nxc4 19. dxc4 Na5 20. Qa4 Nb3 21.
Rad1 Bd7 22. Qa3 Bc6 23. Be3 Bxf3 24. gxf3 a5 25. Qa4 Ra6 26. Rd7 Qc6 27. Qxc6 Rxc6 28.
Red1 Bf6 29. Ra7 Bg5 30. Rdd7 Rf6 31. Kg2 Bxe3 32. fxe3 Nc1 33. Rd2 g5 34. Rxa5 Nb3 35.
Rd5 Nxa5 36. b4 Nb7 37. Rxe5 Re6 38. Rd5 Rxe3 39. bxc5 Rc8 40. c6 Rxc6 41. Rd7 Nc5 42. Ra7 Rxc3 43. Kf2 Rf6 44. Kg3 Rcxf3+ 45. Kg4 Rxf1 46.
Kh5 R1f4 47. Ra8+ 0-1

[Event "Early-Titled-Tuesday-Blitz-October-17-2023"]
[Site "Chess.com"]
[Date "2023.10.17"]
[Round "2"]
[White "InitiatingASC"]
[Black "Ermito2020"]
[Result "1-0"]
[WhiteElo "2367"]
[BlackElo "2587"]
[TimeControl "180+1"]
[EndTime "8:19:06 PDT"]
[Termination "InitiatingASC won by checkmate"]

1. e4 e6 2. Nf3 d5 3. Nc3 Nf6 4. exd5 exd5 5. d4 c5 6. Bb5+ Nc6 7. O-O Be7 8. h3 O-O 9. dxc5 Bxc5 10. Bg5 Be6 11. Qd2 a6 12. Ba4 Be7 13. Rad1 Qb6 14. Bb3 Ne4 15. Nxe4 dxe4 16. Bxe7 Nxe7 17. Ng5 Bxb3 18.
axb3 f5 19. Qd7 Qf6 20. Ne6 Rfc8 21. Nf4 Rxc2 22. Qxb7 Rf8 23. Nd5 Nxd5 24. Qxd5+ Kh8 25. Ra1 Rxb2 26. Qc4 Qg5 27. Rxa6 e3 28. Qc5 exf2+ 29. Rxf2 Rb1+ 30. Kh2 Qd8 31. Qe5 h6 32. Rxh6+ Kg8 33. Rg6 Rf7 34. Rxf5 Rxf5 35. Qxg7# 1-0

[Event "Early-Titled-Tuesday-Blitz-October-17-2023"]
[Site "Chess.com"]
[Date "2023.10.17"]
[Round "2"]
[White "Chessdreamer2020"]
[Black "falzehope0"]
[Result "1-0"]
[WhiteElo "2530"]
[BlackElo "2325"]
[TimeControl "180+1"]
[EndTime "8:19:06 PDT"]
[Termination "Chessdreamer2020 won on time"]

1. e4 d5 2. exd5 Nf6 3. Bb5+ Nbd7 4. Nf3 g6 5. O-O Bg7 6. d4 O-O 7. c4 Nb6 8. Nbd2 a6 9. Ba4 Nxc4 10. Nxc4 b5 11. Nce5 bxa4 12. Nc6 Qd6 13. Bg5 Nxd5 14. Qxa4 Bd7 15. Rac1 Rfb8 16. Nfe5 Bxc6 17. Rxc6 Qd8 18. Bc1 Rb4 19. Qd1 Nf6 20. Nf3 Rb7 21. b3 Qd5 22.
Qc2 Ne8 23. Ba3 e6 24. Rd1 a5 25. Rc5 Qd7 26. d5 Bf8 27. dxe6 Qxe6 28. Re5 Qf6 29. Bb2 Qb6 30. Qe2 Ng7 31. Rd7 Ne6 32. h4 Bg7 33.
Red5 Bxb2 34. Qxb2 Qc6 35. Ne5 Qb6 36. Nxf7 Ng7 37.
Nh6+ 1-0